Map: Romanticide LE

Players

uwuThermal (uThermal) - Winner!

  • Race: Terran Terran
  • League: Master
  • Spawn Location: 11:00

Neeblet (Neeb)

  • Race: Protoss Protoss
  • League: Grandmaster
  • Spawn Location: 5:00

VOD

https://www.youtube.com/watch?v=9hb8GY0Kp8Y

Description

Time

  • Played on: Sept. 27, 2020, 1:59 p.m.
  • Length: 8:10
Show
View Real Time Build Order
Export as new Build Order

uwuThermal Terran - Winner!

Build Orders: Reaper Expand 

Get SALT Encoding   

  12  0:00  SCV  
  13  0:12  SCV  
  14  0:17  Supply Depot  
  14  0:24  SCV  
  15  0:38  SCV  
  15  0:40  Barracks  
  16  0:43  Refinery  
  16  0:50  SCV  
  17  1:03  SCV  
  18  1:15  SCV  
  19  1:27  Reaper, Orbital Command  
  20  1:46  Command Center  
  20  1:54  SCV  
  21  1:58  Supply Depot  
  21  1:59  Marine  
  22  2:06  SCV  
  23  2:09  Factory  
  23  2:20  SCV, Barracks Reactor  
  24  2:26  Refinery  
  24  2:28  Bunker  
  24  2:32  SCV  
  25  2:44  SCV  
  26  2:52  Hellion  
  26  2:54  Starport  
  26  2:56  SCV  
  26  2:57  Orbital Command  
  29  2:59  Marine  
  29  3:01  Marine  
  31  3:08  SCV  
  32  3:17  Factory Tech Lab, Marine  
  32  3:19  Marine  
  34  3:20  SCV  
  34  3:24  SCV  
  36  3:29  Supply Depot  
  36  3:32  SCV  
  36  3:33  Starport Tech Lab  
  37  3:36  Cyclone, SCV  
  37  3:39  Marine  
  42  3:41  Marine  
  42  3:44  SCV  
  44  3:48  SCV  
  43  3:57  SCV  
  43  3:58  Barracks  
  43  4:00  Barracks, SCV  
  43  4:01  Raven  
  46  4:04  Marine  
  46  4:06  Marine  
  46  4:09  SCV  
  49  4:12  SCV  
  49  4:13  Supply Depot  
  50  4:19  Engineering Bay  
  50  4:21  SCV  
  51  4:24  Siege Tank  
  51  4:30  Refinery  
  54  4:34  Marine x2  
  54  4:35  Supply Depot, SCV  
  54  4:36  SCV  
  58  4:47  SCV  
  58  4:48  SCV  
  58  4:52  Missile Turret, Marine  
  60  4:56  Marine  
  60  4:59  SCV  
  60  5:00  SCV  
  60  5:01  Stimpack  
  60  5:04  Supply Depot, Starport Reactor  
  60  5:06  Factory Tech Lab  
  61  5:08  Missile Turret  
  61  5:09  Marine  
  61  5:10  Marine x2  
  61  5:11  SCV  
  61  5:12  SCV  
  66  5:15  Terran Infantry Weapons Level 1  
  66  5:17  Marine  
  67  5:23  SCV  
  67  5:24  SCV  
  67  5:27  Supply Depot, Siege Tank, Marine  
  67  5:28  Marine  
  74  5:29  Marine  
  74  5:34  Marine  
  76  5:37  Refinery  
  76  5:40  SCV  
  74  5:43  Supply Depot  
  74  5:49  Marauder x2  
  78  6:00  Marine x2  
  78  6:01  Barracks  
  78  6:04  Barracks, Siege Tank, SCV  
  78  6:06  Supply Depot, SCV  
  78  6:08  Combat Shield  
  78  6:10  Marine  
  84  6:15  Marauder  
  84  6:18  Marine  
  86  6:19  Supply Depot  
  86  6:21  Medivac  
  86  6:23  Medivac  
  86  6:25  Marine  
  92  6:30  Supply Depot, Marine  
  93  6:36  Siege Tank, Marine  
  97  6:41  Supply Depot  
  97  6:42  Marine  
  97  6:44  Concussive Shells  
  98  6:48  Marauder  
  98  6:49  Supply Depot  
  98  6:50  Marine x2  
  98  6:51  Marine  
  98  6:54  Medivac  
  105  7:01  Medivac  
  104  7:03  SCV x2  
  104  7:05  Marauder, Marine  
  109  7:12  Marine x2  
  109  7:13  Marauder, Marine  
  109  7:15  SCV  
  115  7:18  Siege Tank  
  118  7:23  Supply Depot, Marine  
  118  7:26  Marine  
  119  7:30  Marine  
  119  7:35  Medivac x2  
  119  7:37  Marauder, Marine x2  
Show
View Real Time Build Order
Export as new Build Order

Neeblet Protoss 

Build Orders: 1 Gate Expand, Phoenix Opening, Colossus Rush 

Get SALT Encoding   

  12  0:00  Probe  
  13  0:12  Probe  
  14  0:16  Pylon  
  14  0:24  Probe (Chrono Boost)  
  16  0:36  Probe (Chrono Boost)  
  16  0:37  Gateway  
  16  0:43  Probe (Chrono Boost)  
  16  0:47  Assimilator  
  17  0:51  Probe  
  18  1:03  Probe  
  19  1:15  Probe  
  20  1:24  Nexus  
  20  1:33  Cybernetics Core  
  20  1:36  Probe  
  21  1:42  Assimilator  
  21  1:48  Probe  
  21  1:52  Pylon  
  22  2:00  Probe (Chrono Boost)  
  23  2:07  Adept (Chrono Boost)  
  23  2:11  Probe (Chrono Boost)  
  26  2:16  Probe (Chrono Boost)  
  26  2:17  Shield Battery  
  27  2:24  Stargate  
  27  2:28  Probe  
  28  2:33  Adept  
  30  2:38  Probe (Chrono Boost)  
  32  2:48  Probe (Chrono Boost)  
  32  2:49  Probe (Chrono Boost)  
  32  2:50  Warp Gate  
  33  2:54  Probe (Chrono Boost)  
  33  2:55  Probe (Chrono Boost)  
  35  3:04  Probe  
  36  3:06  Probe  
  36  3:08  Phoenix (Chrono Boost)  
  39  3:15  Shield Battery  
  39  3:16  Probe  
  39  3:18  Probe  
  41  3:21  Pylon  
  41  3:28  Probe  
  41  3:29  Phoenix (Chrono Boost)  
  41  3:30  Probe  
  45  3:40  Probe  
  45  3:41  Pylon  
  46  3:48  Phoenix (Chrono Boost)  
  48  3:49  Probe  
  48  3:52  Probe  
  50  3:58  Assimilator  
  50  3:59  Assimilator  
  50  4:01  Probe  
  50  4:02  Pylon  
  51  4:04  Probe  
  51  4:08  Phoenix (Chrono Boost)  
  54  4:10  Robotics Facility  
  54  4:13  Probe  
  54  4:16  Probe  
  56  4:25  Probe  
  56  4:29  Phoenix, Probe  
  60  4:36  Nexus  
  60  4:37  Probe  
  61  4:46  Probe  
  61  4:47  Pylon  
  62  4:54  Phoenix  
  62  4:57  Observer (Chrono Boost)  
  65  5:00  Probe x2  
  65  5:01  Robotics Bay  
  65  5:02  Shield Battery  
  65  5:06  Pylon  
  67  5:12  Probe x2  
  69  5:14  Immortal (Chrono Boost)  
  69  5:20  Phoenix  
  75  5:24  Probe  
  75  5:25  Assimilator  
  75  5:27  Assimilator  
  75  5:28  Probe  
  77  5:30  Pylon  
  77  5:36  Probe  
  76  5:46  Stalker  
  76  5:49  Probe, Colossus (Chrono Boost)  
  76  5:52  Extended Thermal Lance (Chrono Boost)  
  82  6:00  Probe  
  82  6:02  Probe  
  84  6:05  Phoenix (Chrono Boost)  
  84  6:06  Probe  
  87  6:13  Gateway  
  87  6:14  Stalker  
  87  6:15  Gateway  
  87  6:17  Probe x2  
  91  6:19  Probe  
  92  6:27  Colossus (Chrono Boost)  
  92  6:28  Phoenix (Chrono Boost)  
  100  6:33  Probe x2  
  100  6:34  Probe  
  103  6:43  Pylon  
  103  6:45  Phoenix, Pylon  
  103  6:46  Zealot  
  107  6:49  Probe x2  
  109  7:05  Twilight Council  
  109  7:08  Forge  
  109  7:10  Phoenix  
  109  7:11  Pylon  
  109  7:12  Sentry  
  109  7:13  Colossus (Chrono Boost)  
  109  7:14  Zealot, Adept  
  123  7:19  Pylon  
  123  7:20  Pylon  
  124  7:27  Shield Battery  
  123  7:30  Shield Battery  
  123  7:31  Shield Battery  
  123  7:35  Phoenix  
  123  7:44  Stalker, Zealot  
  123  7:46  Stalker  
Tags
 
Add a new tag
Caveats
  • Supply blocks, unpowered buildings, or Contaminate may cause inaccurate times.
  • Supply counts are checked every 10 seconds.